 Dungeon Crawl Stone Soup version 0.22.0-2-ge58baed0e8 (webtiles) character file.

135 Ablot the Charmwright (level 5, 0/43 HPs)
             Began as a Gnoll Skald on Aug 12, 2018.
             Slain by an adder (5 damage)
             ... on level 3 of the Dungeon.
             The game lasted 00:04:45 (1635 turns).

Ablot the Charmwright (Gnoll Skald)                 Turns: 1635, Time: 00:04:45

Health: 0/43       AC:  3    Str: 14    XL:     5   Next: 18%
Magic:  0/12       EV: 14    Int: 16    God:
Gold:   189        SH:  0    Dex: 14    Spells: 3/14 levels left

rFire    . . .     SeeInvis .   o - +0 trident
rCold    . . .     Gourm    +   (no shield)
rNeg     . . .     Faith    .   p - +0 leather armour
rPois    .         Spirit   .   (no helmet)
rElec    .         Reflect  .   (no cloak)
rCorr    .         Harm     .   (no gloves)
MR       .....                  (no boots)
Stlth    +.........             n - amulet of the gourmand
HPRegen  0.14/turn              (no ring)
MPRegen  0.13/turn              (no ring)

@: singing, very slightly contaminated, very slow
A: distributed training, fangs 1, strong nose
a: no special abilities


You were on level 3 of the Dungeon.
You were very full.

You visited 1 branch of the dungeon, and saw 3 of its levels.

You collected 189 gold pieces.

Inventory:

Hand Weapons
 o - a +0 trident (weapon)
Missiles
 b - 4 javelins (quivered)
 e - 126 stones
 j - 15 bolts
 m - 2 silver javelins
 r - 12 poisoned needles
 s - 32 arrows
Armour
 p - a +0 leather armour (worn)
 t - a +0 pair of gloves
Jewellery
 n - an amulet of the gourmand (around neck)
Scrolls
 l - a scroll of enchant armour {unknown}
 q - a scroll of immolation {unknown}
Potions
 a - a potion of flight
 c - a potion of heal wounds {unknown}
 f - a potion of berserk rage {unknown}
 g - a potion of cancellation {unknown}
 h - a potion of degeneration {unknown}
 k - a potion of brilliance {unknown}
Comestibles
 d - 4 rations
 i - 9 chunks of flesh


   Skills:
 + Level 4.7 Fighting
 + Level 1.3 Short Blades
 + Level 1.3 Long Blades
 + Level 1.3 Axes
 + Level 1.3 Maces & Flails
 + Level 4.7 Polearms
 + Level 1.3 Staves
 + Level 1.3 Slings
 + Level 1.3 Bows
 + Level 1.3 Crossbows
 + Level 1.3 Throwing
 + Level 2.9 Armour
 + Level 4.7 Dodging
 + Level 1.3 Stealth
 + Level 1.3 Shields
 + Level 1.3 Unarmed Combat
 + Level 5.1 Spellcasting
 + Level 1.1 Conjurations
 + Level 1.1 Hexes
 + Level 5.5 Charms
 + Level 1.1 Summonings
 + Level 1.1 Necromancy
 + Level 1.1 Translocations
 + Level 1.1 Transmutations
 + Level 1.1 Fire Magic
 + Level 1.1 Ice Magic
 + Level 1.1 Air Magic
 + Level 1.1 Earth Magic
 + Level 1.1 Poison Magic
 + Level 1.5 Invocations
 + Level 1.3 Evocations


You had 3 spell levels left.
You knew the following spells:

 Your Spells              Type           Power        Failure   Level  Hunger
a - Infusion              Chrm           ###.         1%          1    None
b - Song of Slaying       Chrm           ###.....     3%          2    #......
c - Shroud of Golubria    Chrm/Tloc      ##........   7%          2    #......
d - Regeneration          Chrm/Necr      ##........   14%         3    ###....
e - Spectral Weapon       Hex/Chrm       ##......     14%         3    ###....

Your spell library contained the following spells:

 Spells                   Type           Power        Failure   Level  Hunger


Dungeon Overview and Level Annotations

Branches:
Dungeon (3/15)

Altars:


Innate Abilities, Weirdness & Mutations

Your experience applies equally to all skills.
You have very sharp teeth.
Your uncanny sense of smell can sniff out nearby items.


Message History

* * * LOW HITPOINT WARNING * * *
You barely miss the river rat.
The river rat is severely wounded.
You hear the quick rusting of a drain.
The river rat closely misses you.
Your unstable footing causes you to fumble your attack.
The river rat misses you.
Casting: Regeneration (safe; 14% risk of failure)
Confirm with . or Enter, or press ? or * to list all spells.
You draw out your weapon's spirit!
The river rat bites you.
* * * LOW HITPOINT WARNING * * *
Unknown command.
Your unstable footing causes you to fumble your attack.
The river rat bites you.
* * * LOW HITPOINT WARNING * * *
Unknown command.
You barely miss the river rat. You bite the river rat.
You kill the river rat!
The adder bites you.
You die...

########.......#....#
#####..............#....# #..
......................... #.#
#####..............#....# #.#
#.......)......#....# ##.####
#..............#....#
#...≈≈##########........#.....
##..≈≈≈#≈≈≈≈≈(≈##........######
#....#≈#######@##........#
#..÷≈≈≈#≈≈≈w≈S≈≈#........######
#..†≈#≈#≈########.........#....
#..≈≈≈≈#≈≈w≈≈# #.........#....
#..)≈#≈#≈#S#≈≈≈≈#.........#....
#...≈#≈#≈#≈# ###......)..#....
#....#≈≈≈# ≈ #.........#....
#....############.........#....
#.#####........)..........#####


You could see a worm, an adder and a friendly spectral trident.

Vanquished Creatures
  5 adders
  3 river rats (D:3)
  An ooze (D:1)
  4 worms
  A dart slug (D:2)
  An orc (D:3)
  6 bats
  3 hobgoblins
  4 jackals
  A quokka (D:2)
  A ball python (D:3)
  A frilled lizard (D:2)
  5 goblins
  9 kobolds
  5 rats
50 creatures vanquished.

Notes
Turn   | Place    | Note
-------+----------+-------------------------------------------
     0 | D:1      | Ablot the Gnoll Skald began the quest for the Orb.
     0 | D:1      | Reached XP level 1. HP: 20/20 MP: 6/6
    51 | D:1      | Reached XP level 2. HP: 22/26 MP: 4/7
   607 | D:2      | Reached skill level 5 in Spellcasting
   607 | D:2      | Reached XP level 3. HP: 27/31 MP: 4/9
   617 | D:2      | Reached skill level 1 in Invocations
   630 | D:2      | Learned a level 2 spell: Song of Slaying
   633 | D:2      | Learned a level 2 spell: Shroud of Golubria
   637 | D:2      | Learned a level 3 spell: Regeneration
   641 | D:2      | Learned a level 3 spell: Spectral Weapon
   736 | D:2      | Reached skill level 1 in Short Blades
   736 | D:2      | Reached skill level 1 in Long Blades
   736 | D:2      | Reached skill level 1 in Axes
   736 | D:2      | Reached skill level 1 in Maces & Flails
   736 | D:2      | Reached skill level 1 in Staves
   736 | D:2      | Reached skill level 1 in Slings
   736 | D:2      | Reached skill level 1 in Bows
   736 | D:2      | Reached skill level 1 in Crossbows
   736 | D:2      | Reached skill level 1 in Throwing
   736 | D:2      | Reached skill level 1 in Stealth
   736 | D:2      | Reached skill level 1 in Shields
   736 | D:2      | Reached skill level 1 in Unarmed Combat
   736 | D:2      | Reached skill level 1 in Evocations
   900 | D:2      | Reached XP level 4. HP: 35/38 MP: 6/11
  1401 | D:3      | Reached skill level 1 in Conjurations
  1401 | D:3      | Reached skill level 1 in Hexes
  1401 | D:3      | Reached skill level 1 in Summonings
  1401 | D:3      | Reached skill level 1 in Necromancy
  1401 | D:3      | Reached skill level 1 in Translocations
  1401 | D:3      | Reached skill level 1 in Transmutations
  1401 | D:3      | Reached skill level 1 in Fire Magic
  1401 | D:3      | Reached skill level 1 in Ice Magic
  1401 | D:3      | Reached skill level 1 in Air Magic
  1401 | D:3      | Reached skill level 1 in Earth Magic
  1401 | D:3      | Reached skill level 1 in Poison Magic
  1577 | D:3      | Reached XP level 5. HP: 37/43 MP: 12/12
  1635 | D:3      | Slain by an adder

Skill      XL: |  1  2  3  4 |
---------------+-------------+-----
Spellcasting   | 5 |  5.1
Invocations    | 1 |  1.5
Short Blades   | 1 |  1.3
Long Blades    | 1 |  1.3
Axes           | 1 |  1.3
Maces & Flails | 1 |  1.3
Staves         | 1 |  1.3
Slings         | 1 |  1.3
Bows           | 1 |  1.3
Crossbows      | 1 |  1.3
Throwing       | 1 |  1.3
Stealth        | 1 |  1.3
Shields        | 1 |  1.3
Unarmed Combat | 1 |  1.3
Evocations     | 1 |  1.3
Conjurations   | 1 |  1.1
Hexes          | 1 |  1.1
Summonings     | 1 |  1.1
Necromancy     | 1 |  1.1
Translocations | 1 |  1.1
Transmutations | 1 |  1.1
Fire Magic     | 1 |  1.1
Ice Magic      | 1 |  1.1
Air Magic      | 1 |  1.1
Earth Magic    | 1 |  1.1
Poison Magic   | 1 |  1.1
Fighting       | |  4.7
Polearms       | |  4.7
Armour         | |  2.9
Dodging        | |  4.7
Charms         | |  5.5

Action                   |  1- 3 |  4- 6 || total
-------------------------+-------+-------++-------
Melee: Spear             |    80 |     3 ||    83
       Bite              |     9 |     6 ||    15
       Trident           |       |    93 ||    93
 Cast: Infusion          |     2 |       ||     2
       Regeneration      |     1 |     3 ||     4
       Shroud of Golubri |     1 |     1 ||     2
       Song of Slaying   |     1 |     1 ||     2
       Spectral Weapon   |       |     1 ||     1
  Use: Scroll            |       |     4 ||     4
 Stab: Sleeping          |     2 |     2 ||     4
  Eat: Chunk             |     9 |     9 ||    18
Armor: Leather armour    |    11 |    11 ||    22
Dodge: Dodged            |    69 |    60 ||   129
